 Dungeon Crawl Stone Soup version 0.30-a0-924-g0ad0bf95bc (webtiles) character file.

Game seed: 8723075084569675253

23989 vineage the Warrior (level 13, -1/93 HPs)
             Began as a Gargoyle Fighter on Mar 21, 2023.
             Was an Elder of the Shining One.
             Slain by a minotaur
             ... wielding a +2 spear of freezing
              (2 damage)
             ... in a Gauntlet on Mar 22, 2023.
             The game lasted 00:16:15 (13980 turns).

vineage the Warrior (Gargoyle Fighter)             Turns: 13980, Time: 00:16:16

Health: -1/93      AC: 31    Str: 23    XL:     13   Next: 10%
Magic:  25/25      EV:  9    Int: 12    God:    the Shining One [****..]
Gold:   382        SH:  8    Dex: 17    Spells: 12/12 levels left

rFire   . . .      SeeInvis .    k - +7 lajatang of Order {silver, rMut}
rCold   + . .      Faith    .    (shield currently unavailable)
rNeg    + + +      Spirit   .    I - +1 plate armour {rN+}
rPois   ∞          Reflect  .    (no helmet)
rElec   +          Rampage  +    m - +2 cloak
rCorr   .          NoTele   +    (no gloves)
rMut    +                        K - +1 pair of boots of the Dungeon {Rampage MP+9 Int+3}
Will    .....                    s - amulet of magic regeneration Stlth
                                 h - ring of protection from cold
HPRegen 0.35/turn                L - +6 ring of dexterity
MPRegen 0.59/turn

@: mighty, divinely shielded, hasted, glowing, very quick
A: sickness immunity, AC +9, negative energy resistance 1, electricity
resistance, torment resistance 1, petrification resistance
a: Renounce Religion, Divine Shield, Cleansing Flame


You were in a Gauntlet.
You worshipped the Shining One.
The Shining One was greatly pleased with you.
You visited 1 branch of the dungeon, and saw 12 of its levels.
You also visited: Ossuary and Gauntlet.

You collected 1133 gold pieces.
You spent 751 gold pieces at shops.

Inventory:

Hand Weapons
 a - a +1 flail
 k - the +7 lajatang of Order (weapon) {silver, rMut}
   (You bought it in a shop on level 1 of the Dungeon)

   rMut:      It protects you from mutation.
 G - a +2 whip of flaming
Armour
 m - a +2 cloak (worn)
 I - a +1 plate armour of positive energy (worn)
 K - the +1 pair of boots of the Dungeon (worn) {Rampage MP+9 Int+3}
   (You found it in a Gauntlet)

   Int:       It affects your intelligence (+3).
   MP:        It affects your magic capacity (+9).
   Rampage:   It bestows one free step when moving towards enemies.
Jewellery
 h - a ring of protection from cold (left hand)
 j - a ring of see invisible
 p - a ring of protection from cold
 s - an amulet of magic regeneration (around neck)
 u - a ring of flight
 L - a +6 ring of dexterity (right hand)
Wands
 b - a wand of polymorph (1)
 x - a wand of roots (16)
 C - a wand of acid (7)
 E - a wand of flame (25)
Scrolls
 c - a scroll of blinking
 r - 3 scrolls of identify
 t - a scroll of enchant weapon
 w - a scroll of enchant armour
 y - 4 scrolls of fear
 B - a scroll of amnesia
 D - a scroll of magic mapping
 F - 7 scrolls of teleportation
Potions
 d - 3 potions of might
 e - 10 potions of curing
 f - 3 potions of flight
 g - 3 potions of haste
 i - 3 potions of mutation
 l - 2 potions of cancellation
 n - 4 potions of lignification
 o - 2 potions of magic
 q - 2 potions of degeneration
 v - 5 potions of brilliance
 z - a potion of invisibility
 A - 3 potions of ambrosia
 H - 2 potions of attraction
 J - a potion of resistance


   Skills:
 - Level 15.7 Fighting
 - Level 3.4(7.0) Maces & Flails
 + Level 9.5(9.8) Staves
 + Level 11.2 Armour
 + Level 3.8 Dodging
 + Level 5.5 Stealth
 - Level 7.0 Shields
 - Level 5.1 Invocations


You had 12 spell levels left.
You didn't know any spells.
Your spell library contained the following spells:

 Spells                   Type           Power      Damage    Failure   Level
 Summon Small Mammal      Summ           0%         N/A       98%         1
 Poisonous Vapours        Pois/Air       0%         N/A       99%         2
 Call Canine Familiar     Summ           0%         N/A       100%        3
 Mephitic Cloud           Conj/Pois/Air  0%         N/A       100%        3
 Stone Arrow              Conj/Erth      0%         3d7       100%        3
 Summon Guardian Golem    Hex/Summ       0%         N/A       100%        3
 Animate Armour           Summ/Erth      0%         N/A       100%        4
 Lehudib's Crystal Spear  Conj/Erth      0%         10d2      100%        8
 Cigotuvi's Dreadful Rot  Necr/Pois/Air  Unusable   N/A       N/A         2

Dungeon Overview and Level Annotations

Branches:
Dungeon (12/15)            Temple (0/1) D:4            Lair (0/5) D:10
    Orc (0/2) D:10        Ossuary (visited)         Gauntlet (1/1)

Altars:
Ashenzari
Cheibriados
Fedhas
Kikubaaqudgha
Okawaru
Ru
Uskayaw
Wu Jian
Xom
The Shining One

Shops:
D:1 ((:=   D:2 ?   D:5 =

Annotations:
Gauntlet 4 transporters


Innate Abilities, Weirdness & Mutations

You are immune to sickness and miasma.
Your stone body is resilient. (AC +9)
You are immune to poison.
You resist negative energy. (rN+)
You are resistant to electric shocks. (rElec)
You are resistant to unholy torment.
You are immune to petrification.


Message History

L - a +6 ring of dexterity (right hand)
You open the door.
A minotaur comes into view.
It is wielding a +2 spear of freezing and wearing a +2 chain mail of cold resistance.
The minotaur bellows!
The minotaur throws a javelin.
The javelin pierces through you!!
Found a crooked runed staff.
Found a gate leading back out of this place.
The minotaur throws a javelin.
The javelin pierces through you but does no damage.
Your divine shield is renewed.
No target in view!
You block the minotaur's attack.
The minotaur gores you but does no damage.
You feel very mighty all of a sudden.
The minotaur hits you with a +2 spear of freezing!
The minotaur freezes you. The minotaur gores you!
You slash the minotaur!
The minotaur is lightly wounded.
The minotaur hits you but does no damage.
You block the minotaur's attack.
You hit the minotaur.
The minotaur is moderately wounded.
The minotaur hits you with a +2 spear of freezing!
The minotaur freezes you. The minotaur gores you!
* * * LOW HITPOINT WARNING * * *
Okay, then.
You hit the minotaur but do no damage.
The minotaur is moderately wounded.
The minotaur hits you but does no damage.
The minotaur gores you but does no damage.
You slash the minotaur!
The minotaur is moderately wounded.
The minotaur hits you but does no damage.
The minotaur gores you!
* * * LOW HITPOINT WARNING * * *
You feel yourself speed up.
The minotaur hits you with a +2 spear of freezing!
* * * LOW HITPOINT WARNING * * *
The minotaur freezes you.
You die...

## ##
##################
## #
##≈...............
#≈≈..8©8©8©8©8
##≈...........
#####.###.### #
###.###.###.#
#............
#.###.###.###.#
#.....@.......#
#######H#######
#.# ..∩ ⌠...
#...⌠+ #.⌠..#
##+###


You could see a minotaur.

Vanquished Creatures
  A hell beast (Gauntlet)
  A catoblepas (Gauntlet)
  Erica (D:9)
  8 two-headed ogres
  2 thrashing horrors (Gauntlet)
  Nergalle (D:10)
  Pikel (D:6)
  An orange crystal statue (Gauntlet)
  An ugly thing (D:12)
  2 manticores
  A cyclops (D:11)
  A gargoyle (Gauntlet)
  An unseen horror (D:10)
  4 trolls
  A merfolk (D:9)
  3 centaur simulacra (Gauntlet)
  2 shadows
  3 vampires
  2 wraiths
  2 hogs (D:9)
  2 humans (D:7)
  Grum (D:10)
  4 wyverns (D:9)
  A steam dragon (D:7)
  4 wargs (D:10)
  An acid dragon (D:12)
  3 water moccasins
  4 small abominations (Gauntlet)
  A meliai simulacrum (Gauntlet)
  11 black bears (D:9)
  2 sky beasts (D:7)
  2 orc warriors
  4 wolves (D:10)
  2 ogres
  7 centaurs
  4 kobold brigands
  A gnoll sergeant (D:9)
  10 bullfrogs
  2 scorpions
  11 wights
  5 killer bees (D:8)
  8 electric eels (D:9)
  4 howler monkeys
  A wyvern simulacrum (Gauntlet)
  4 hounds
  4 jellies
  5 orc priests
  3 gnoll boudas
  2 sleepcaps (D:6)
  3 iguanas
  7 orc wizards
  8 mummies (Ossuary)
  4 gnolls (D:7)
  10 adders
  2 white imps
  An ufetubus (D:5)
  A worm (D:2)
  4 dart slugs
  33 orcs
  13 ball pythons
  15 endoplasms
  2 giant cockroaches
  3 goblins
  7 hobgoblins
  5 jackals (D:2)
  4 quokkas
  4 bats
  A frilled lizard (D:1)
  4 hobgoblin zombies (Ossuary)
  8 kobolds
  3 kobold zombies (Ossuary)
  An orc zombie (Ossuary)
  A quokka zombie (D:6)
  3 rats (D:3)
  A rat zombie (D:6)
  A bush (D:4)
301 creatures vanquished.

Vanquished Creatures (others)
  7 bushes (D:10)
  12 plants (D:9)
19 creatures vanquished.

Grand Total: 320 creatures vanquished

Notes
Turn   | Place    | Note
-------+----------+-------------------------------------------
     0 | D:1      | vineage the Gargoyle Fighter began the quest for the Orb.
     0 | D:1      | Reached XP level 1. HP: 14/14 MP: 1/1
   103 | D:1      | Found Ryuzyanit's Jewellery Emporium.
   198 | D:1      | Reached XP level 2. HP: 14/19 MP: 2/2
   299 | D:1      | Found Cueraol's Antique Weapon Emporium.
   333 | D:1      | Found Plog's Weapon Shop.
   412 | D:1      | Found Ihuvveq's Book Boutique.
   952 | D:2      | Reached XP level 3. HP: 17/23 MP: 3/3
  1008 | D:2      | Found Wuxiweb's Magic Scroll Emporium.
  1388 | D:2      | Reached XP level 4. HP: 26/29 MP: 4/4
  1398 | D:2      | HP: 1/29 [worm (9)]
  1949 | D:3      | Found a glowing golden altar of the Shining One.
  2268 | D:3      | Reached XP level 5. HP: 31/33 MP: 5/5
  2334 | D:3      | Reached skill level 4 in Fighting
  2481 | D:3      | Became a worshipper of the Shining One
  2490 | D:4      | Found a hide-covered altar of Uskayaw.
  2698 | D:4      | Reached skill level 1 in Staves
  2780 | D:4      | Reached XP level 6. HP: 30/39 MP: 6/6
  2979 | D:4      | Found a broken altar of Ashenzari.
  3145 | D:4      | Identified the +8 rapier of the Aged Seas {holy, rPois rN+
                  | Str+7}
  3355 | D:4      | Found a staircase to the Ecumenical Temple.
  3392 | D:5      | Entered Level 5 of the Dungeon
  3457 | D:5      | Found a shimmering altar of Xom.
  3546 | D:5      | Noticed a water moccasin
  3557 | D:5      | Killed a water moccasin
  3558 | D:5      | Reached skill level 5 in Fighting
  3558 | D:5      | Reached skill level 5 in Armour
  3558 | D:5      | Reached skill level 5 in Shields
  3558 | D:5      | Reached skill level 1 in Invocations
  3558 | D:5      | Reached XP level 7. HP: 44/44 MP: 6/8
  3712 | D:5      | Found a sacrificial altar of Ru.
  3738 | D:5      | Found Qedwopa's Jewellery Boutique.
  3983 | D:5      | Found a blossoming altar of Fedhas.
  4172 | D:6      | Reached XP level 8. HP: 39/50 MP: 9/9
  4179 | D:6      | Found a sand-covered staircase.
  4193 | Ossuary  | Entered an ossuary
  4198 | Ossuary  | Reached * piety under the Shining One
  4303 | Ossuary  | Reached ** piety under the Shining One
  4550 | D:6      | Found a snail-covered altar of Cheibriados.
  4836 | D:6      | Reached skill level 6 in Fighting
  4872 | D:6      | Noticed Pikel
  4893 | D:6      | Killed Pikel
  4894 | D:6      | Reached XP level 9. HP: 35/56 MP: 10/12
  5291 | D:6      | Reached skill level 14 in Fighting
  5291 | D:6      | Reached XP level 10. HP: 75/75 MP: 13/13
  5745 | D:7      | Found an iron altar of Okawaru.
  5785 | D:7      | Reached skill level 5 in Staves
  6409 | D:8      | Reached skill level 5 in Invocations
  6830 | D:8      | Reached *** piety under the Shining One
  6972 | D:9      | Noticed Erica
  6989 | D:9      | Killed Erica
  7227 | D:9      | Reached XP level 11. HP: 44/80 MP: 14/14
  7331 | D:9      | Noticed a two-headed ogre
  7349 | D:9      | Killed a two-headed ogre
  7536 | D:9      | HP: 2/80 [merfolk/+0 trident (16)]
  7544 | D:9      | HP: 2/80 [merfolk/+0 trident (13)]
  8246 | D:9      | Noticed a two-headed ogre
  8259 | D:9      | Killed a two-headed ogre
  8499 | D:9      | Reached skill level 15 in Fighting
  8534 | D:9      | Noticed a manticore
  8550 | D:9      | Killed a manticore
  8672 | D:9      | Noticed a two-headed ogre
  8685 | D:9      | Killed a two-headed ogre
  8952 | D:9      | Noticed a two-headed ogre
  8955 | D:9      | Noticed a two-headed ogre
  9352 | D:9      | Killed a two-headed ogre
  9617 | D:9      | Killed a two-headed ogre
  9993 | D:9      | Found an ornate altar of the Wu Jian Council.
 10109 | D:9      | Reached XP level 12. HP: 82/88 MP: 15/15
 10151 | D:9      | Noticed a two-headed ogre
 10181 | D:9      | Killed a two-headed ogre
 11299 | D:1      | Bought the +7 lajatang of Order {silver, rMut} for 751 gold
                  | pieces
 11299 | D:1      | Found the +7 lajatang of Order {silver, rMut}
 11529 | D:10     | Entered Level 10 of the Dungeon
 11570 | D:10     | Noticed a two-headed ogre
 11574 | D:10     | Noticed Nergalle
 11576 | D:10     | Killed a two-headed ogre
 11577 | D:10     | Reached skill level 10 in Armour
 11577 | D:10     | Reached skill level 1 in Stealth
 11584 | D:10     | Killed Nergalle
 11585 | D:10     | Reached skill level 1 in Dodging
 11736 | D:10     | Found an ancient bone altar of Kikubaaqudgha.
 11773 | D:10     | Reached **** piety under the Shining One
 11782 | D:10     | Found an ornate altar of the Wu Jian Council.
 11846 | D:10     | Found a staircase to the Orcish Mines.
 11951 | D:10     | Noticed a two-headed ogre
 11961 | D:10     | Killed a two-headed ogre
 12062 | D:10     | Noticed Grum
 12070 | D:10     | Killed Grum
 12184 | D:10     | Found a staircase to the Lair.
 13507 | D:12     | Found a hide-covered altar of Uskayaw.
 13534 | D:12     | Found a gate leading to a gauntlet.
 13543 | Gauntlet | Entered a Gauntlet
 13543 | Gauntlet | Found a transporter.
 13550 | Gauntlet | Noticed a catoblepas
 13689 | Gauntlet | Found a transporter.
 13692 | Gauntlet | Found a transporter.
 13693 | Gauntlet | Found a transporter.
 13701 | Gauntlet | Upgraded the game from 0.30-a0-920-g7493c07aab to
                  | 0.30-a0-924-g0ad0bf95bc
 13726 | Gauntlet | Killed a catoblepas
 13816 | Gauntlet | Found a transporter.
 13836 | Gauntlet | Reached skill level 5 in Stealth
 13840 | Gauntlet | Found a transporter.
 13840 | Gauntlet | Found a transporter.
 13866 | Gauntlet | Found a transporter.
 13871 | Gauntlet | Found a transporter.
 13871 | Gauntlet | Found a transporter.
 13871 | Gauntlet | Noticed a thrashing horror
 13872 | Gauntlet | Noticed a thrashing horror
 13878 | Gauntlet | Identified the +1 pair of boots of the Dungeon {Rampage
                  | MP+9 Int+3}
 13896 | Gauntlet | Found a transporter.
 13896 | Gauntlet | Found a transporter.
 13896 | Gauntlet | Found a transporter.
 13902 | Gauntlet | Killed a thrashing horror
 13903 | Gauntlet | Reached XP level 13. HP: 80/93 MP: 16/16
 13931 | Gauntlet | Identified the -1 helmet of Hubris {Will+}
 13941 | Gauntlet | Found a transporter.
 13968 | Gauntlet | Noticed a minotaur
 13980 | Gauntlet | HP: 1/93 [minotaur/+2 spear of freezing (17)]
 13980 | Gauntlet | Slain by a minotaur

Illustrated notes

Levels and vault maps discovered:
D:1:      heliophobic_arrival_battle_scene, layout_basic, serial_shops,
          shop_statue, nicolae_shop_advertising_works
          [nicolae_subvault_shop_adworks], nicolae_lakefront_shop,
          nicolae_shop_bloodbath_and_beyond, hangedman_decor_lopped
D:2:      layout_basic, serial_shops, nicolae_square_shop,
          nicolae_kite_square_tiling_tiny, item_on_display_a
D:3:      layout_basic, mainiacjoe_overflow_tiny_flanked
D:4:      layout_rooms, overflow_temple_1_default, general_overflow_altar,
          minmay_temple_entry_nine_rooms, minmay_hedge_maze
D:5:      layout_basic, fedhas_ov_isle_minmay,
          mainiacjoe_overflow_surrounded_room,
          mainiacjoe_overflow_small_starburst, serial_shops,
          nicolae_shop_crystal
D:6:      layout_loops_ring, overflow_temple_1_default, enter_ossuary_4,
          uniq_pikel
D:7:      layout_basic, okawaru_humans, minmay_misc_feat_diagonals
D:8:      layout_basic
D:9:      kennysheep_town, serial_shops, uniq_erica
D:10:     minmay_klotski, layout_irregular_city, mainiacjoe_overflow_24_doors,
          mainiacjoe_overflow_chevrons, minmay_orc_entry_guard_dogs, uniq_grum,
          uniq_nergalle
D:11:     layout_grid_maze, chequers_jeans
D:12:     kennysheep_treasure_stockpile, layout_layer_cave,
          gauntlet_entry_generic, nicolae_uskayaw_murder_on_the_dancefloor
Gauntlet: gammafunk_gauntlet_77_escape_option
          [minmay_gauntlet_arena_77_double_cross, minmay_gauntlet_arena_77_box,
          minmay_gauntlet_arena_77_museum,
          minmay_gauntlet_arena_77_chump_sandwich,
          minmay_gauntlet_arena_77_mirror, gauntlet_exit_hidden_loot]

Skill      XL: |  1  2  3  4  5  6  7  8  9 10 11 12 |
---------------+-------------------------------------+-----
Maces & Flails | 3 |  3.4
Armour         | 4 5 6 7 9 11 | 11.2
Shields        | 4 5 6 7 |  7.0
Fighting       | 4 5 6 14 15 | 15.7
Staves         | 1 2 3 4 5 7 9 |  9.5
Invocations    | 1 2 4 5 |  5.1
Stealth        | 5 |  5.5
Dodging        | 3 |  3.8

Action                     |  1- 3 |  4- 6 |  7- 9 | 10-12 | 13-15 || total
---------------------------+-------+-------+-------+-------+-------++-------
  Melee: Flail             |   125 |   248 |   149 |       |       ||   522
         Whip              |       |       |    18 |   691 |       ||   709
         Lajatang          |       |       |       |   138 |    30 ||   168
 Invoke: Divine Shield     |       |       |       |    13 |     3 ||    16
    Use: Scroll            |     8 |     9 |     6 |     6 |       ||    29
         Potion            |       |       |     1 |     5 |     2 ||     8
 Armour: Scale mail        |    88 |   109 |   101 |    90 |       ||   388
         Chain mail        |       |       |       |   351 |       ||   351
         Skin              |       |       |       |    13 |       ||    13
         Plate armour      |       |       |       |    45 |    24 ||    69
  Dodge: Dodged            |    66 |   100 |    78 |   323 |    12 ||   579
  Block: Buckler           |    34 |    49 |    61 |   241 |       ||   385
         Other             |       |       |       |     9 |    19 ||    28

Table legend: (Time is in decaauts)
 A = Elapsed time spent in this place.
 B = Non-inter-level travel time spent in this place.
 C = Inter-level travel time spent in this place.
 D = Time resting spent in this place.
 E = Time spent auto-exploring this place.
 F = Levels seen in this place.
 G = Mean time per level.
                   A        B        C        D        E       F      G
               +--------+--------+--------+--------+--------+-----+--------+
         Total |  14081 |  13165 |    916 |   1733 |   8843 |  14 | 1005.8 |
       Dungeon |  13374 |  12458 |    916 |   1597 |   8601 |  12 | 1114.5 |
       Ossuary |    277 |    277 |      0 |      0 |    159 |   1 |  277.0 |
      Gauntlet |    430 |    430 |      0 |    136 |     83 |   1 |  430.0 |
               +--------+--------+--------+--------+--------+-----+--------+

Top non-repeatable levels by time:
     D:9: 4197 daAuts
     D:2: 1056 daAuts
     D:6: 1025 daAuts
     D:1: 1012 daAuts
     D:7: 1004 daAuts
    D:11: 960 daAuts
    D:10: 929 daAuts
     D:4: 918 daAuts
     D:5: 806 daAuts
     D:8: 682 daAuts
     D:3: 663 daAuts
Gauntlet: 430 daAuts
 Ossuary: 277 daAuts
    D:12: 117 daAuts
